 Dungeon Crawl Stone Soup version 0.29-a0-418-gc0181ea820 (webtiles) character file.

Game seed: 2264172702457445757

81 Pelinal the Chiller (level 4, -1/30 HPs)
             Began as a Merfolk Ice Elementalist on May 17, 2022.
             Slain by Sigmund
             ... wielding a +0 scythe
              (13 damage)
             ... on level 3 of the Dungeon.
             The game lasted 00:04:43 (2337 turns).

Pelinal the Chiller (Merfolk Ice Elementalist)      Turns: 2337, Time: 00:04:43

Health: -1/30      AC:  2    Str:  8    XL:     4   Next: 42%
Magic:  3/7        EV: 12    Int: 14    God:
Gold:   60         SH:  3    Dex: 16    Spells: 3/7 levels left

rFire   . . .      SeeInvis .   e - +0 dagger
rCold   . . .      Faith    .   m - +0 buckler
rNeg    . . .      Spirit   .   a - +0 robe
rPois   .          Reflect  .   (no helmet)
rElec   .          Harm     .   (no cloak)
rCorr   .          Rampage  .   (no gloves)
Will    .....                   (no boots)
Stlth   ++........              (no amulet)
HPRegen 0.10/turn               (no ring)
MPRegen 0.10/turn               (no ring)

@: freezing walls
A: (nimble swimmer 2), mertail
a: no special abilities


You were on level 3 of the Dungeon.
You visited 1 branch of the dungeon, and saw 3 of its levels.

You collected 60 gold pieces.

Inventory:

Hand Weapons
 e - a +0 dagger (weapon)
Missiles
 d - 2 poisoned darts (quivered)
 g - 114 stones
Armour
 a - a +0 robe (worn)
 m - a +0 buckler (worn)
Jewellery
 l - the amulet of the Air {Inacc Air Fly rElec RMsl}
   (You found it on level 2 of the Dungeon)

   [amulet of nothing]

   It reduces the accuracy of all your attacks.
   It enhances your air magic.
   rElec:     It insulates you from electricity.
   Fly:       It grants you flight.
   RMsl:      It protects you from missiles.
Scrolls
 c - a scroll of fear
 h - 3 scrolls of identify
 i - a scroll of amnesia {unknown}
Potions
 b - a potion of magic
 f - a potion of mutation {unknown}
 j - a potion of degeneration {unknown}
 k - a potion of curing


   Skills:
 - Level 3.1 Dodging
 - Level 2.5 Stealth
 - Level 2.2 Spellcasting
 + Level 5.9 Ice Magic


You had 3 spell levels left.
You knew the following spells:

 Your Spells              Type           Power      Damage    Failure   Level
a - Freeze                Ice            72%        1d9       2%          1
b - Frozen Ramparts       Ice            36%        1d5       9%          3

Your spell library contained the following spells:

 Spells                   Type           Power      Damage    Failure   Level
 Ozocubu's Armour         Ice            18%        N/A       9%          3
 Hailstorm                Conj/Ice       9%         3d4       67%         4


Dungeon Overview and Level Annotations

Branches:
Dungeon (3/15)

Altars:

Annotations:
D:3 Grinder, Sigmund


Innate Abilities, Weirdness & Mutations

((You are very nimble when in or above water. (Stealth+, EV+, Speed+++)))
Your lower body shifts to a powerful aquatic tail in water.


Message History

Confirm with . or Enter, or press ? or * to list all spells.
The spell is quite dangerous to miscast (11% risk of failure)!
Continue anyway?
Okay, then.
Casting: Frozen Ramparts (quite dangerous; 11% risk of failure)
Confirm with . or Enter, or press ? or * to list all spells.
The spell is quite dangerous to miscast (11% risk of failure)!
Continue anyway?
Casting: Frozen Ramparts (quite dangerous; 11% risk of failure)
Press: ? - help, Dir - look around, f - activate The walls around you are covered in ice.
Sigmund shouts!
The wall freezes the adder.
The adder seems to slow down.
The wall freezes the gnoll.
Unknown command.
Okay, then.
The wall freezes the adder.
The wall freezes the gnoll.
The gnoll misses you.
The wall freezes the adder. x2
You kill the adder!
The wall freezes the gnoll.
The gnoll hits you from afar with a +0 spear.
The wall freezes the gnoll.
The gnoll misses you.
The wall freezes the gnoll.
You block the gnoll's attack.
The wall freezes the gnoll. x2
The gnoll hits you from afar with a +0 spear.
The wall freezes the gnoll. x2
You kill the gnoll!
The wall freezes the gnoll.
The gnoll hits you with a +0 club.
Sigmund screams, "Only death can liberate you!"
Sigmund casts a spell.
Sigmund flickers and vanishes!
Deactivating autopickup; reactivate with Ctrl-A.
You have reached level 4!
The wall freezes the gnoll.
You kill the gnoll!
The wall freezes the gnoll.
Unknown command.
The wall freezes the gnoll.
You kill the gnoll!
The wall freezes something.
The wall freezes something.
Something hits you!
You die...

@..........# ...
#.........# #...#
.........# #####
..#.# .#...##
.##.# ......##
.##g#
.....<.######.##)#
..........##..##)#
.......##....###@#
#..........).....#
.......##.....##.#
.............###r#
.......##.#.## ...
#.....#...#.#
#....
##...#..###..
#..... ...###.##
##..#...... ... ).
#......r..


You could see a gnoll and a quokka.

Vanquished Creatures
  3 gnolls (D:3)
  An adder (D:3)
  A worm (D:1)
  2 dart slugs (D:1)
  An orc (D:2)
  2 ball pythons (D:1)
  2 bats (D:1)
  4 endoplasms
  3 giant cockroaches (D:1)
  4 goblins
  3 hobgoblins
  3 frilled lizards (D:1)
  3 kobolds
  3 rats
35 creatures vanquished.

Vanquished Creatures (others)
  A plant (D:1)
1 creature vanquished.

Grand Total: 36 creatures vanquished

Notes
Turn   | Place    | Note
-------+----------+-------------------------------------------
     0 | D:1      | Pelinal the Merfolk Ice Elementalist began the quest for
                  | the Orb.
     0 | D:1      | Reached XP level 1. HP: 13/13 MP: 3/3
   118 | D:1      | Found a faded altar of an unknown god.
   290 | D:1      | Reached XP level 2. HP: 19/19 MP: 1/5
  1480 | D:1      | Reached XP level 3. HP: 23/24 MP: 0/6
  1539 | D:1      | Learned a level 3 spell: Frozen Ramparts
  1722 | D:1      | Reached skill level 5 in Ice Magic
  1997 | D:2      | Found the amulet of the Air {Inacc Air Fly rElec RMsl}
  2247 | D:3      | Noticed Sigmund
  2279 | D:3      | Noticed Grinder
  2335 | D:3      | Reached XP level 4. HP: 12/30 MP: 3/7
  2337 | D:3      | Slain by Sigmund

Illustrated notes

Levels and vault maps discovered:
D:1:      dpeg_arrival_brainrot, layout_basic,
          shapermc_ecumenical_altar_mp_ritualfount
D:2:      layout_rooms
D:3:      layout_rooms, minmay_ruptured, uniq_sigmund, uniq_natasha,
          uniq_grinder

Skill      XL: |  1  2  3 |
---------------+----------+-----
Dodging        | 3 |  3.1
Ice Magic      | 5 |  5.9
Stealth        | |  2.5
Spellcasting   | |  2.2

Action                   |  1- 3 |  4- 6 || total
-------------------------+-------+-------++-------
Melee: Dagger            |    32 |       ||    32
       Unarmed           |     1 |       ||     1
Throw: Dart              |     5 |       ||     5
 Cast: Freeze            |    37 |       ||    37
       Frozen Ramparts   |     1 |       ||     1
  Use: Scroll            |     3 |       ||     3
 Stab: Sleeping          |     4 |       ||     4
Armor: Robe              |     9 |       ||     9
Dodge: Dodged            |    42 |       ||    42
Block: Buckler           |     1 |       ||     1

Table legend: (Time is in decaauts)
 A = Elapsed time spent in this place.
 B = Non-inter-level travel time spent in this place.
 C = Inter-level travel time spent in this place.
 D = Time resting spent in this place.
 E = Time spent auto-exploring this place.
 F = Levels seen in this place.
 G = Mean time per level.
                   A        B        C        D        E       F      G
               +--------+--------+--------+--------+--------+-----+--------+
         Total |   2339 |   2240 |     99 |    597 |   1064 |   3 |  779.7 |
       Dungeon |   2339 |   2240 |     99 |    597 |   1064 |   3 |  779.7 |
               +--------+--------+--------+--------+--------+-----+--------+

Top non-repeatable levels by time:
     D:1: 1904 daAuts
     D:2: 390 daAuts
     D:3: 43 daAuts
